[Event "Titled Tuesday Blitz May 2 Late 2023"]
[White "Tristan, Leonardo"]
[Black "Saya, Ethan"]
[WhiteFideId "113816"]
[BlackFideId "26095181"]
[WhiteElo "2461"]
[BlackElo "2189"]
[Result "0-1"]
[Round "05"]
[TimeControl "180+2"]
[Date "2023.05.02"]
[WhiteClock "0:00:30"]
[BlackClock "0:00:11"]

1. d4 Nf6 2. Nf3 d5 3. Bf4 c5 4. e3 Nc6 5. Nbd2 cxd4 6. exd4 Bg4 7. c3 e6 8. Qb3 Qb6 9. Qxb6 axb6 10. Bb5 Bxf3 11. Nxf3 Nd7 12. O-O Be7 13. Rfe1 O-O 14. h4 Rfc8 15. h5 Bd8 16. h6 Bc7 17. Bxc7 Rxc7 18. hxg7 Kxg7 19. g3 Nf6 20. Kg2 Na7 21. Bd3 Nc8 22. Ne5 Nd6 23. a3 Nc4 24. Re2 h6 25. Rh1 Nxe5 26. Rxe5 Rh8 27. f3 Rcc8 28. g4 Rcg8 29. Kf2 Kf8 30. a4 Ke7 31. Ra1 Rg5 32. a5 bxa5 33. Rxa5 Rxe5 34. dxe5 Nd7 35. f4 h5 36. Ra7 hxg4 37. Rxb7 Rh2+ 38. Kg3 Rh3+ 39. Kxg4 Rxd3 40. f5 exf5+ 41. Kxf5 Rf3+ 42. Kg4 Re3 43. Kf4 Re4+ 44. Kf3 Rxe5 45. b4 Rh5 46. Ra7 Rh3+ 47. Kf4 Rxc3 48. Rb7 Rc4+ 49. Kf5 Kd6 50. b5 Rb4 51. Kg5 d4 52. Kf4 f5 53. Ra7 Rxb5 54. Ra4 Rd5 55. Ra6+ Kc5 56. Ra5+ Kc4 57. Ra4+ Kb3 58. Ra7 d3 59. Ra5 Rxa5 0-1


[Site "https://www.chess.com"]

[Event "Titled Tuesday Blitz May 2 Late 2023"]
[White "Gutkin, Ilya"]
[Black "Bilych, Olexiy"]
[WhiteFideId "16203470"]
[BlackFideId "14156504"]
[WhiteElo "2265"]
[BlackElo "2320"]
[Result "1-0"]
[Round "05"]
[TimeControl "180+2"]
[Date "2023.05.02"]
[WhiteClock "0:00:04"]
[BlackClock "0:00:04"]

1. Nf3 d5 2. g3 Nf6 3. Bg2 Bf5 4. c4 e6 5. O-O c6 6. Qb3 Qb6 7. d3 h6 8. Be3 Qxb3 9. axb3 Na6 10. Nd4 Bh7 11. Nxc6 Bc5 12. Bxc5 Nxc5 13. Rxa7 O-O 14. Rxa8 Rxa8 15. Nd4 e5 16. Nb5 e4 17. dxe4 dxe4 18. N1c3 Nxb3 19. Nd6 g5 20. Nxb7 Nd2 21. Rd1 Nxc4 22. b3 Ne5 23. Rd8+ Rxd8 24. Nxd8 Kf8 25. Nb7 Ke7 26. Nc5 e3 27. fxe3 Neg4 28. e4 Kd6 29. Nd3 Nd7 30. Bh3 h5 31. Bxg4 hxg4 32. Kf2 f6 33. Ke3 Bg8 34. b4 Bb3 35. Kd4 Bc2 36. Nb5+ Kc6 37. Nc3 Kd6 38. b5 Bb3 39. Nd5 Ba2 40. Nxf6 Nb6 41. e5+ Ke6 42. Ne4 Bb1 43. Nxg5+ Kf5 44. Ne4 Ba2 45. Nd6+ Ke6 46. Nc5+ Ke7 47. e4 Na8 48. Nf5+ Kf7 49. e6+ Kf6 50. e7 Nc7 51. b6 Nb5+ 52. Kd3 Kf7 53. b7 Bb1+ 54. Ke3 Nc3 55. b8=Q Nd1+ 56. Kf4 Nf2 57. Qf8+ Kg6 58. e8=Q+ Kh7 59. Qh5# 1-0


[Site "https://www.chess.com"]

[Event "Titled Tuesday Blitz May 2 Late 2023"]
[White "Buchenau, Frank"]
[Black "Halkias, Stelios"]
[WhiteFideId "4604350"]
[BlackFideId "4201809"]
[WhiteElo "2157"]
[BlackElo "2451"]
[Result "0-1"]
[Round "05"]
[TimeControl "180+2"]
[Date "2023.05.02"]
[WhiteClock "0:00:01"]
[BlackClock "0:00:08"]

1. e4 e5 2. Nf3 Nc6 3. Bc4 Bc5 4. c3 Nf6 5. d3 d6 6. O-O h6 7. a4 a5 8. Na3 O-O 9. Nc2 Bb6 10. Re1 Be6 11. Bb5 Ne7 12. d4 Ng6 13. h3 c6 14. Bf1 Re8 15. Be3 Nxe4 16. dxe5 Bxe3 17. Rxe3 d5 18. Bd3 Qc7 19. Bxe4 dxe4 20. Rxe4 Bd5 21. Re3 Rad8 22. Ncd4 Nxe5 23. Nxe5 Rxe5 24. Rxe5 Qxe5 25. Qg4 Re8 26. Rd1 h5 27. Qh4 g6 28. f4 Qe4 29. Qf2 Kg7 30. f5 Qe5 31. Rf1 Qf6 32. Qd2 g5 33. Qd1 Kh6 34. Qd2 Re4 35. Qd1 Qe5 36. Qd2 Re3 37. Qf2 Qe4 38. f6 Kg6 39. Qf5+ Qxf5 40. Nxf5 Re2 41. Ne7+ Kh7 42. Nxd5 cxd5 43. Rf5 Kg6 44. Rxd5 Rxb2 45. Rxa5 Kxf6 46. c4 Rc2 47. c5 Rc4 48. Rb5 g4 49. Rb6+ Kg5 50. hxg4 hxg4 51. Rxb7 f5 52. Ra7 g3 53. Kf1 Kf4 54. Ke2 Rc2+ 55. Kd3 Rxc5 56. Rb7 Rc1 57. Rb4+ Kg5 58. a5 Ra1 59. Rb5 Ra2 0-1


[Site "https://www.chess.com"]

[Event "Titled Tuesday Blitz May 2 Late 2023"]
[White "Papasimakopoulos, Alexandros"]
[Black "Tsotsonava, Elene"]
[WhiteFideId "4244125"]
[BlackFideId "13615939"]
[WhiteElo "2359"]
[BlackElo "1829"]
[Result "1-0"]
[Round "05"]
[TimeControl "180+2"]
[Date "2023.05.02"]
[WhiteClock "0:00:13"]
[BlackClock "0:00:02"]

1. d4 Nf6 2. c4 e6 3. Nc3 Bb4 4. Qc2 Nc6 5. Nf3 d6 6. Bd2 O-O 7. a3 Bxc3 8. Bxc3 Re8 9. g3 e5 10. d5 Ne7 11. Nd2 a5 12. b3 b5 13. e4 bxc4 14. bxc4 Nd7 15. Bg2 Nc5 16. O-O f5 17. f4 exf4 18. Rxf4 Ng6 19. Rf2 fxe4 20. Nxe4 Bd7 21. Nxc5 dxc5 22. Be4 Qg5 23. Raf1 Rf8 24. Bxg6 hxg6 25. Rxf8+ Rxf8 26. Rxf8+ Kxf8 27. Bxa5 Bf5 28. Qe2 Qc1+ 29. Kg2 Qb1 30. Bxc7 Be4+ 31. Kf2 Qh1 32. Bd6+ Kg8 33. Bxc5 Qxh2+ 34. Ke3 Qg1+ 35. Kxe4 Qxc5 36. Qd3 Qe7+ 37. Kd4 Qf6+ 38. Kc5 Qe5 39. Kc6 Qe8+ 40. Kc5 Qe5 41. a4 Qc7+ 42. Kb4 Qb6+ 43. Ka3 Qc5+ 44. Kb3 Qb6+ 45. Kc2 Qb4 46. Qb3 Qc5 47. Qc3 Qf2+ 48. Qd2 Qc5 49. Kd3 Qa3+ 50. Qc3 Qd6 51. a5 Qxg3+ 52. Kd4 Qf2+ 53. Qe3 Qb2+ 54. Kc5 Qa2 55. Qc3 Qf2+ 56. Kc6 Qa7 57. d6 Qa6+ 58. Kc5 Qa7+ 59. Kd5 Qf7+ 60. Kc6 Qe8+ 61. Kc7 Qf7+ 62. d7 Qf4+ 63. Kc6 Qe4+ 64. Kd6 Qf4+ 65. Qe5 Qd2+ 66. Qd5+ Kh7 67. Qxd2 1-0


[Site "https://www.chess.com"]

[Event "Titled Tuesday Blitz May 2 Late 2023"]
[White "Grigoriants, Sergey"]
[Black "Adla, Diego"]
[WhiteFideId "4130804"]
[BlackFideId "100072"]
[WhiteElo "2502"]
[BlackElo "2377"]
[Result "1/2-1/2"]
[Round "05"]
[TimeControl "180+2"]
[Date "2023.05.02"]
[WhiteClock "0:00:04"]
[BlackClock "0:00:15"]

1. d4 Nf6 2. c4 e6 3. g3 c5 4. d5 exd5 5. cxd5 d6 6. Nc3 g6 7. Nf3 Bg7 8. Bg2 O-O 9. O-O a6 10. a4 Re8 11. h3 Nbd7 12. Bf4 Nh5 13. Bg5 Bf6 14. Bxf6 Nhxf6 15. Nd2 Rb8 16. Nc4 Nb6 17. Na3 Bd7 18. a5 Nc8 19. Nc4 Bb5 20. Qb3 Bxc4 21. Qxc4 b5 22. axb6 Rxb6 23. Rfb1 a5 24. Qa4 Ra6 25. e3 Nb6 26. Qb5 Ra8 27. Rxa5 Rb8 28. Ra7 Nbxd5 29. Qc4 Re7 30. Rba1 Nxc3 31. Qxc3 Nd7 32. Bd5 Nb6 33. Bg2 Rc7 34. b4 Qe7 35. Rxc7 Qxc7 36. bxc5 dxc5 37. h4 Nd7 38. Rd1 Qe5 39. Qd2 Nf6 40. Qd6 Qxd6 41. Rxd6 Rb1+ 42. Bf1 Ne4 43. Rd8+ Kg7 44. g4 c4 45. Rd4 c3 46. Rxe4 c2 47. Rc4 c1=Q 48. Rxc1 Rxc1 49. Kg2 Rc5 50. Be2 Kf6 51. f4 Rc2 52. Kf3 Rb2 53. g5+ Kg7 54. Bd3 f6 55. Bc4 fxg5 56. hxg5 Rb7 57. Bd5 Ra7 58. e4 Kf8 59. e5 Ke7 60. Bc4 Ra3+ 61. Kg4 Ra7 62. Bd5 Kf8 63. Bc4 Kg7 64. Bd5 h5+ 65. gxh6+ Kxh6 66. Be4 Kg7 67. Bd3 Ra3 68. Be4 Ra4 69. Bc2 Rc4 70. Bd3 Rd4 71. Bc2 Kh6 72. Kf3 g5 73. f5 Rf4+ 74. Ke3 Kg7 75. f6+ Kf7 76. Bb3+ Kg6 77. Bc2+ Kf7 78. Bb3+ Kg6 79. Bc2+ Kf7 1/2-1/2


[Site "https://www.chess.com"]

[Event "Titled Tuesday Blitz May 2 Late 2023"]
[White "Antonica, Dragos-Andrei"]
[Black "Baskakov, Egor"]
[WhiteFideId "1246372"]
[BlackFideId "24197866"]
[WhiteElo "2285"]
[BlackElo "2212"]
[Result "0-1"]
[Round "05"]
[TimeControl "180+2"]
[Date "2023.05.02"]
[WhiteClock "0:00:01"]
[BlackClock "0:00:22"]

1. d4 Nf6 2. c4 e6 3. Nf3 d5 4. g3 Ne4 5. Nbd2 Be7 6. Bg2 f5 7. O-O O-O 8. Ne5 c6 9. Ndf3 Nd7 10. b3 Nxe5 11. Nxe5 Bd7 12. a4 Be8 13. Ba3 Bxa3 14. Rxa3 Qe7 15. Ra1 Nf6 16. c5 Nd7 17. Nxd7 Qxd7 18. f4 b6 19. b4 bxc5 20. bxc5 Rb8 21. Rb1 Bf7 22. Qd3 Qc7 23. Qa6 Rfd8 24. h4 h6 25. Bf3 g6 26. e3 Be8 27. Be2 Kf8 28. Kf2 Ke7 29. Qd3 Kd7 30. Qc3 Ke7 31. Rh1 Kf6 32. h5 g5 33. fxg5+ Kxg5 34. Rbg1 Kf6 35. g4 f4 36. Rf1 Kg7 37. exf4 Qxf4+ 38. Kg2 Qg5 39. Rf2 Rd7 40. Qg3 Rb2 41. Rhf1 Rf7 42. Rxf7+ Bxf7 43. Rf2 Bg8 44. Qf3 Kh8 45. Kh3 e5 46. dxe5 Qxe5 47. Bd3 Rb3 48. Re2 Qd4 49. Re3 Rb7 50. Kh4 Rf7 51. Qg3 Qf6+ 52. Kh3 d4 53. Re8 Kg7 54. Bf5 Re7 55. Rd8 Re3 56. Rd7+ Bf7 57. Bg6 Rxg3+ 58. Kxg3 Qe5+ 59. Kh4 Qh2# 0-1


[Site "https://www.chess.com"]

[Event "Titled Tuesday Blitz May 2 Late 2023"]
[White "Domingo Nunez, Ruben"]
[Black "Rodshtein, Maxim"]
[WhiteFideId "22245570"]
[BlackFideId "2806851"]
[WhiteElo "2404"]
[BlackElo "2555"]
[Result "0-1"]
[Round "05"]
[TimeControl "180+2"]
[Date "2023.05.02"]
[WhiteClock "0:00:01"]
[BlackClock "0:00:10"]

1. e4 g6 2. h4 Nf6 3. e5 Nh5 4. b3 d6 5. Bb2 dxe5 6. Bxe5 f6 7. Bb2 e5 8. g3 Nc6 9. Bg2 Bc5 10. Bf3 Ng7 11. h5 g5 12. h6 Nf5 13. Bh5+ Ke7 14. Bg4 Be6 15. d3 Qd7 16. Bxf5 Bxf5 17. Nd2 Nd4 18. Ne4 Bb6 19. Qd2 Qc6 20. O-O-O Bxe4 21. dxe4 Rad8 22. Qd3 Nb5 23. Qf3 Rxd1+ 24. Kxd1 Rd8+ 25. Kc1 Bd4 26. Ne2 Bxb2+ 27. Kxb2 Rd2 28. Rc1 Rxe2 29. a4 Nd4 30. Qd3 Rxf2 31. Kb1 a5 32. c3 Nxb3 33. Rd1 Qd6 34. Qxd6+ cxd6 35. Rd4 exd4 0-1


[Site "https://www.chess.com"]

[Event "Titled Tuesday Blitz May 2 Late 2023"]
[White "Klenburg, Michael"]
[Black "Flores, Diego"]
[WhiteFideId "14102072"]
[BlackFideId "108049"]
[WhiteElo "2396"]
[BlackElo "2613"]
[Result "1/2-1/2"]
[Round "05"]
[TimeControl "180+2"]
[Date "2023.05.02"]
[WhiteClock "0:00:17"]
[BlackClock "0:00:18"]

1. Nf3 c5 2. g3 Nc6 3. Bg2 e5 4. d3 g6 5. O-O Bg7 6. c4 d6 7. Nc3 Nge7 8. Ne1 Be6 9. Nd5 O-O 10. Nc2 Qd7 11. Re1 Rab8 12. Nce3 b5 13. Nxe7+ Nxe7 14. Nd5 Nxd5 15. cxd5 Bh3 16. e4 Bxg2 17. Kxg2 f5 18. f3 Rf7 19. Qe2 Rbf8 20. Rf1 h5 21. Bg5 a5 22. Qd2 Qa7 23. a4 b4 24. b3 Kh7 25. Rae1 Qd7 26. Qe2 Bh6 27. Bxh6 Kxh6 28. h3 Qe7 29. Qd2+ Kh7 30. Rc1 g5 31. Rce1 Kg6 32. Rc1 Rf6 33. Rce1 Qf7 34. Qe2 Kg7 35. Qd2 Qg6 36. Qe2 Kf7 37. Qd2 Ke7 38. Qe2 g4 39. hxg4 hxg4 40. fxg4 f4 41. gxf4 Rxf4 42. Rxf4 Rxf4 43. Kg3 Qg5 44. Rh1 Rf7 45. Rf1 Rf4 46. Rxf4 Qxf4+ 47. Kg2 Kf6 48. Qf3 Kg5 49. Qxf4+ Kxf4 50. g5 Kxg5 51. Kg3 Kh5 52. Kh3 Kg5 53. Kg3 Kh5 54. Kh3 Kg5 55. Kg3 1/2-1/2


[Site "https://www.chess.com"]

[Event "Titled Tuesday Blitz May 2 Late 2023"]
[White "Ballester Llagaria, Luis Eduardo"]
[Black "Makridis, Dimitrios"]
[WhiteFideId "2297620"]
[BlackFideId "25864475"]
[WhiteElo "2344"]
[BlackElo "2277"]
[Result "0-1"]
[Round "05"]
[TimeControl "180+2"]
[Date "2023.05.02"]
[WhiteClock "0:00:23"]
[BlackClock "0:01:02"]

1. e4 c5 2. Nc3 d6 3. d4 cxd4 4. Qxd4 Nc6 5. Qd2 g6 6. b3 Bh6 7. f4 e5 8. g3 Nf6 9. Bb2 exf4 10. O-O-O O-O 11. gxf4 Re8 12. Bd3 d5 13. Nxd5 Nxd5 14. exd5 Qxd5 15. Ne2 Qc5 16. Kb1 Bg4 17. Rhg1 Bxe2 18. Bxe2 Bxf4 19. Qxf4 Rxe2 20. Qf6 Qxc2+ 21. Ka1 Ne5 22. Rd8+ Rxd8 23. Qxd8+ Kg7 24. Qd4 f6 25. Rc1 Qe4 26. Qxa7 Nd3 0-1


[Site "https://www.chess.com"]

[Event "Titled Tuesday Blitz May 2 Late 2023"]
[White "Perske, Thore"]
[Black "Samsonkin, Artiom"]
[WhiteFideId "12902195"]
[BlackFideId "13503111"]
[WhiteElo "2336"]
[BlackElo "2524"]
[Result "0-1"]
[Round "05"]
[TimeControl "180+2"]
[Date "2023.05.02"]
[WhiteClock "0:00:01"]
[BlackClock "0:00:28"]

1. d4 Nf6 2. g3 e6 3. Bg2 d5 4. Nf3 Be7 5. O-O O-O 6. c4 dxc4 7. Qc2 b5 8. a4 b4 9. Nbd2 Bb7 10. e4 c3 11. bxc3 bxc3 12. Qxc3 Nxe4 13. Qc2 Nf6 14. Rb1 Bd5 15. Nc4 Be4 16. Qb2 Nc6 17. Ra1 Rb8 18. Qc3 Nd5 19. Qd2 Bb4 20. Qe2 Nc3 21. Qe3 Bxf3 22. Bxf3 Nxd4 23. Bb2 Nxf3+ 24. Qxf3 Qd5 25. Qxd5 exd5 26. Ne5 Ne2+ 27. Kg2 Bd6 28. Nd3 Rb3 29. Rfd1 Rfb8 30. Be5 Nc3 31. Re1 Ne4 32. Bxd6 Rxd3 33. Bxc7 Rb2 34. Rf1 Rdd2 35. Bf4 Rxf2+ 36. Rxf2 Nxf2 37. Kf3 Ne4 38. Rc1 f6 39. Rc7 Rf2+ 40. Kg4 Ra2 41. Rb7 Rxa4 0-1


[Site "https://www.chess.com"]

[Event "Titled Tuesday Blitz May 2 Late 2023"]
[White "Vlassov, Nikolai"]
[Black "Mgeladze, Tamaz"]
[WhiteFideId "4103360"]
[BlackFideId "13601202"]
[WhiteElo "2324"]
[BlackElo "2288"]
[Result "1-0"]
[Round "05"]
[TimeControl "180+2"]
[Date "2023.05.02"]
[WhiteClock "0:00:09"]
[BlackClock "0:00:09"]

1. e4 c5 2. c3 Nf6 3. e5 Nd5 4. d4 cxd4 5. cxd4 d6 6. Bc4 dxe5 7. dxe5 Be6 8. Nc3 Nc7 9. Qxd8+ Kxd8 10. Bxe6 Nxe6 11. Be3 Nc6 12. f4 g6 13. Nf3 Bg7 14. O-O-O+ Ke8 15. g4 Rd8 16. f5 Rxd1+ 17. Rxd1 gxf5 18. gxf5 Nc7 19. Bf4 h5 20. e6 Bh6 21. Bxh6 Rxh6 22. Rd7 Na6 23. exf7+ Kxf7 24. Rxb7 Nc5 25. Rc7 Nd3+ 26. Kd2 Nde5 27. Nxe5+ Nxe5 28. Rxa7 Nf3+ 29. Ke3 Nxh2 30. Kf4 Rd6 31. Ne4 Rd1 32. f6 Rf1+ 33. Kg3 Ng4 34. Rxe7+ Kg6 35. a4 Nxf6 36. Re6 Rg1+ 37. Kf2 Rb1 38. Rxf6+ Kg7 39. Rb6 h4 40. a5 h3 41. Kg3 Re1 42. Nf2 Re3+ 43. Kh2 Re2 44. Kxh3 Rxf2 45. a6 Rf1 46. b4 Ra1 47. b5 Kf7 48. Rb7+ Ke6 49. a7 Kd6 50. b6 Ra3+ 51. Kg4 Rxa7 52. bxa7 1-0


[Site "https://www.chess.com"]

[Event "Titled Tuesday Blitz May 2 Late 2023"]
[White "Yanchenko, Roman"]
[Black "Leenhouts, Koen"]
[WhiteFideId "4137329"]
[BlackFideId "1008439"]
[WhiteElo "2491"]
[BlackElo "2409"]
[Result "1-0"]
[Round "05"]
[TimeControl "180+2"]
[Date "2023.05.02"]
[WhiteClock "0:01:14"]
[BlackClock "0:00:08"]

1. d4 Nf6 2. Nf3 g6 3. Bf4 Bg7 4. e3 O-O 5. Be2 c5 6. O-O d6 7. Na3 Be6 8. c3 cxd4 9. exd4 Nc6 10. Re1 Rc8 11. h3 a6 12. Bd3 Qa5 13. Qd2 Bd5 14. Nh2 e5 15. dxe5 dxe5 16. Bg5 Rcd8 17. Ng4 Nxg4 18. Bxd8 Rxd8 19. hxg4 Be6 20. Qe2 Qa4 21. Bc4 Re8 22. Rad1 Bf8 23. Bxe6 Rxe6 24. Qc4 Qa5 25. Rd5 Qc7 26. Nc2 Qe7 27. Qe4 Rf6 28. g3 Re6 29. Ne3 Qg5 30. Red1 Re8 31. Rd7 Bc5 32. Rxb7 Nd8 33. Rbd7 Ne6 34. Kg2 Bxe3 35. Qxe3 Qxg4 36. Qxe5 h5 37. R1d4 Nxd4 38. Qxe8+ 1-0


[Site "https://www.chess.com"]

[Event "Titled Tuesday Blitz May 2 Late 2023"]
[White "Ashraf, Artin"]
[Black "Aggelis, Nikolaos"]
[WhiteFideId "22514805"]
[BlackFideId "4213220"]
[WhiteElo "2188"]
[BlackElo "2189"]
[Result "1-0"]
[Round "05"]
[TimeControl "180+2"]
[Date "2023.05.02"]
[WhiteClock "0:00:02"]
[BlackClock "0:00:16"]

1. Nf3 Nf6 2. e3 g6 3. d4 Bg7 4. c4 O-O 5. Be2 d5 6. cxd5 Nxd5 7. e4 Nb6 8. h3 e5 9. Nxe5 c5 10. O-O cxd4 11. Nd3 Nc6 12. Nd2 Re8 13. f4 a5 14. e5 Nd5 15. Ne4 Ne3 16. Bxe3 dxe3 17. Nd6 Rf8 18. Kh2 a4 19. Rc1 f6 20. Nc5 fxe5 21. Qd5+ Kh8 22. Nf7+ Rxf7 23. Qxf7 exf4 24. Nxb7 Bxb7 25. Qxb7 Nd4 26. Rfd1 Rb8 27. Qe4 Qf6 28. Bf3 h5 29. Rxd4 Qxd4 30. Qxg6 Qf6 31. Qxh5+ Qh6 32. Qf5 Qf6 33. Qe4 Qe5 34. Qg6 Qf6 35. Qg4 Qxb2 36. Qh5+ Kg8 37. Bd5+ Kf8 38. Qf7# 1-0


[Site "https://www.chess.com"]

[Event "Titled Tuesday Blitz May 2 Late 2023"]
[White "Averjanov, Alexey"]
[Black "Kavutskiy, Konstantin"]
[WhiteFideId "14109867"]
[BlackFideId "2026384"]
[WhiteElo "2399"]
[BlackElo "2323"]
[Result "1-0"]
[Round "05"]
[TimeControl "180+2"]
[Date "2023.05.02"]
[WhiteClock "0:01:04"]
[BlackClock "0:00:05"]

1. d4 Nf6 2. c4 g6 3. Nc3 Bg7 4. e4 d6 5. Be2 O-O 6. Nf3 e5 7. O-O h6 8. Re1 Nbd7 9. Be3 Ng4 10. Bc1 Ngf6 11. h3 exd4 12. Nxd4 Nc5 13. Bf1 Re8 14. f3 Nh5 15. Be3 Qh4 16. Qd2 Be5 17. Bf2 Qg5 18. Qxg5 hxg5 19. Nd5 Na6 20. Nb5 c6 21. Ndc7 Nxc7 22. Nxc7 Be6 23. Nxe8 Rxe8 24. Rab1 b6 25. b3 c5 26. Red1 Nf6 27. Be3 Nh7 28. Kf2 f5 29. Bd3 Kf7 30. Ke2 f4 31. Bf2 Nf6 32. a3 Nd7 33. Rdc1 Nb8 34. b4 Nc6 35. Kd2 Kf6 36. Be1 Nd4 37. Kd1 Rd8 38. Bc3 Rc8 39. b5 Ra8 40. a4 a5 41. bxa6 Rxa6 42. Rb2 Rxa4 43. Rxb6 Bxc4 44. Bxd4 Bxd3 45. Rxd6+ Ke7 46. Bxe5 1-0


[Site "https://www.chess.com"]

[Event "Titled Tuesday Blitz May 2 Late 2023"]
[White "Gritsenko, Nikolai"]
[Black "Molenda, Marcin"]
[WhiteFideId "14112493"]
[BlackFideId "1173065"]
[WhiteElo "2389"]
[BlackElo "2286"]
[Result "1-0"]
[Round "05"]
[TimeControl "180+2"]
[Date "2023.05.02"]
[WhiteClock "0:00:27"]
[BlackClock "0:00:18"]

1. b3 g6 2. Bb2 Nf6 3. Bxf6 exf6 4. c4 d5 5. cxd5 Qxd5 6. Nc3 Qd8 7. Nf3 c5 8. g3 Bg7 9. Bg2 O-O 10. Rc1 Nc6 11. Na4 b6 12. d4 Ba6 13. O-O Re8 14. Re1 Nb4 15. a3 Nd5 16. e4 Nc7 17. dxc5 Ne6 18. Qxd8 Rexd8 19. b4 bxc5 20. Nxc5 Nxc5 21. Rxc5 Bf8 22. Ra5 Bd3 23. e5 f5 24. e6 fxe6 25. Ne5 Rac8 26. Rxa7 Bc2 27. h4 Rc3 28. Nf3 Bb3 29. Ng5 Re8 30. Nxh7 Bg7 31. Ng5 Bd4 32. Rd7 e5 33. Rxd4 1-0


[Site "https://www.chess.com"]

[Event "Titled Tuesday Blitz May 2 Late 2023"]
[White "Stork, Oliver"]
[Black "Khripachenko, Alexander"]
[WhiteFideId "12955728"]
[BlackFideId "54184975"]
[WhiteElo "2239"]
[BlackElo "2374"]
[Result "0-1"]
[Round "05"]
[TimeControl "180+2"]
[Date "2023.05.02"]
[WhiteClock "0:00:12"]
[BlackClock "0:01:18"]

1. b3 d5 2. Bb2 Bg4 3. d3 Nd7 4. Nf3 c6 5. Nbd2 Ngf6 6. g3 Qc7 7. Bg2 e5 8. e4 dxe4 9. dxe4 b5 10. O-O Be7 11. h3 Bh5 12. g4 Bg6 13. Nh4 O-O 14. Nf5 Rfe8 15. Qe2 Nc5 16. Rad1 Ne6 17. Qe3 Bc5 18. Qg3 Nf4 19. Rfe1 Rad8 20. Bc1 Qa5 21. a3 Bxa3 22. Bxa3 Qxa3 23. Bf1 Qb4 24. Nf3 Rxd1 25. Rxd1 Nxe4 26. Qh4 Bxf5 27. gxf5 Nc3 28. Rd8 Qf8 29. Rxe8 Qxe8 30. Nxe5 Ncd5 31. Nxc6 g6 32. Nd4 Qe5 33. fxg6 hxg6 34. Nf3 Qc3 35. Ng5 Qf6 36. Qg4 a5 37. Ne4 Qd4 38. Ng3 a4 39. bxa4 bxa4 40. Qc8+ Kg7 41. Qg4 Qe5 42. c4 a3 43. cxd5 a2 44. Nf5+ Qxf5 45. Qxf5 gxf5 0-1


[Site "https://www.chess.com"]

[Event "Titled Tuesday Blitz May 2 Late 2023"]
[White "Nazari, Arad"]
[Black "Adan Bermudez, Sergio"]
[WhiteFideId "12577324"]
[BlackFideId "2292726"]
[WhiteElo "2242"]
[BlackElo "2292"]
[Result "1-0"]
[Round "05"]
[TimeControl "180+2"]
[Date "2023.05.02"]
[WhiteClock "0:00:14"]
[BlackClock "0:00:54"]

1. e4 c5 2. Nf3 Nc6 3. Bb5 e5 4. O-O Bd6 5. b4 a6 6. Bxc6 dxc6 7. bxc5 Bxc5 8. Bb2 f6 9. c3 Bg4 10. d4 Bd6 11. h3 Bh5 12. Nbd2 Ne7 13. Qb3 b5 14. c4 Bf7 15. dxe5 Bxe5 16. Bxe5 fxe5 17. Qc3 Ng6 18. Nxe5 Qf6 19. Ndf3 Bxc4 20. Rfc1 O-O 21. Nxc4 Qxc3 22. Rxc3 bxc4 23. Rxc4 Rae8 24. Re1 Nf4 25. Rxc6 Nxh3+ 26. Kf1 Nf4 27. Rxa6 Nd3 28. Re3 Nc5 29. Rc6 Nxe4 30. a4 Ng3+ 31. Ke1 Nf5 32. Rxe8 Rxe8+ 33. Kd2 Ra8 34. Rc4 h6 35. Kc3 Nd6 36. Rb4 Kf7 37. Nd2 Rc8+ 38. Kb3 Ke6 39. f3 Kd5 40. Ne4 Nf5 41. Rb5+ Ke6 42. Rxf5 1-0


[Site "https://www.chess.com"]

[Event "Titled Tuesday Blitz May 2 Late 2023"]
[White "Principe, Gerson"]
[Black "Stearman, Josiah"]
[WhiteFideId "3804550"]
[BlackFideId "2062496"]
[WhiteElo "2229"]
[BlackElo "2393"]
[Result "0-1"]
[Round "05"]
[TimeControl "180+2"]
[Date "2023.05.02"]
[WhiteClock "0:00:06"]
[BlackClock "0:00:16"]

1. d4 d5 2. Nf3 Nf6 3. c4 c6 4. e3 Bf5 5. Bd3 Bxd3 6. Qxd3 e6 7. O-O Bd6 8. Nc3 O-O 9. e4 dxe4 10. Nxe4 Nxe4 11. Qxe4 Nd7 12. Bg5 Nf6 13. Qh4 Be7 14. Rad1 h6 15. Bxf6 Bxf6 16. Qe4 Qb6 17. b3 Rad8 18. Rd2 Rfe8 19. Rfd1 Qa5 20. g3 Be7 21. Qe2 Bb4 22. Rd3 c5 23. dxc5 Bxc5 24. Kg2 Bb6 25. Rd7 Rxd7 26. Rxd7 e5 27. Qe4 Qxa2 28. Rd2 Qxb3 29. Qxb7 Qxc4 30. Nxe5 Qe6 31. Nf3 Qe4 32. Qxe4 Rxe4 33. Rb2 g5 34. h3 Kg7 35. Ng1 f5 36. Ne2 Rc4 37. Rd2 h5 38. h4 gxh4 39. Nf4 hxg3 40. Nxh5+ Kg6 41. Nxg3 f4 42. Ne2 Kf5 43. Kf3 Bc7 44. Rd5+ Be5 45. Ra5 Rb4 46. Ra3 a5 47. Nc1 a4 48. Nd3 Rb3 49. Rxb3 axb3 50. Ke2 b2 51. Nxb2 Bxb2 52. Kf3 Be5 53. Kg2 Ke4 54. f3+ Ke3 55. Kf1 Kxf3 56. Kg1 Ke2 0-1


[Site "https://www.chess.com"]

[Event "Titled Tuesday Blitz May 2 Late 2023"]
[White "Skvortsov, Andrei"]
[Black "Haszon, David"]
[WhiteFideId "24108600"]
[BlackFideId "733610"]
[WhiteElo "2259"]
[BlackElo "2210"]
[Result "0-1"]
[Round "05"]
[TimeControl "180+2"]
[Date "2023.05.02"]
[WhiteClock "0:00:06"]
[BlackClock "0:00:09"]

1. e4 c5 2. d4 cxd4 3. Qxd4 Nc6 4. Qd3 e6 5. Nc3 a6 6. Nf3 Qc7 7. Be2 Nf6 8. O-O Be7 9. a3 O-O 10. Rd1 Rd8 11. h3 b5 12. Qe3 d6 13. Qf4 Bb7 14. Be3 Ne5 15. Nxe5 dxe5 16. Qf3 Rxd1+ 17. Rxd1 Qc6 18. Bd3 Bxa3 19. Nxb5 axb5 20. bxa3 Nxe4 21. Rb1 Ra5 22. Rb3 g6 23. Bxe4 Qxe4 24. Qxe4 Bxe4 25. Bd2 Ra4 26. Rxb5 Rxa3 27. c4 Kg7 28. Rxe5 Bf5 29. Rb5 Ra2 30. Be3 Rc2 31. c5 Bd3 32. Rb3 Be4 33. Rb4 f5 34. Kh2 h6 35. Kg3 g5 36. Kh2 Bd5 37. Bd4+ Kg6 38. Rb2 Rc4 39. Rd2 f4 40. f3 Kf5 41. Bf2 h5 42. h4 g4 43. fxg4+ hxg4 44. Kg1 g3 45. Be1 Rc1 46. Kf1 Rxc5 47. Ke2 Bxg2 48. Kd3 Be4+ 49. Ke2 f3+ 50. Ke3 g2 51. Bf2 Rc3+ 52. Kd4 Rc8 53. Rb2 Rd8+ 54. Kc5 Rg8 55. Bg1 e5 56. h5 Ba8 57. h6 e4 58. Kd6 Rg6+ 59. Kc7 Rxh6 60. Rb5+ Kf4 61. Rb3 Rh7+ 62. Kb8 Bd5 63. Rb5 Ke5 64. Rb1 Rb7+ 65. Rxb7 Bxb7 66. Kxb7 Kf4 67. Kc6 e3 68. Kd5 f2 0-1


[Site "https://www.chess.com"]

[Event "Titled Tuesday Blitz May 2 Late 2023"]
[White "Korchmar, Vasiliy"]
[Black "Berg, Olaf"]
[WhiteFideId "24131750"]
[BlackFideId "7200420"]
[WhiteElo "2370"]
[BlackElo "2269"]
[Result "0-1"]
[Round "05"]
[TimeControl "180+2"]
[Date "2023.05.02"]
[WhiteClock "0:00:02"]
[BlackClock "0:00:05"]

1. e4 d5 2. exd5 Qxd5 3. Nc3 Qd6 4. d4 Nf6 5. Nf3 c6 6. Ne5 Nbd7 7. Bf4 Nxe5 8. Bxe5 Qb4 9. Bd3 Qxb2 10. Ne2 e6 11. O-O Be7 12. Qd2 h6 13. Rfb1 Qa3 14. Rb3 Qa4 15. c4 O-O 16. Rc1 Rd8 17. Bc2 Qa6 18. Rg3 Kf8 19. Bd3 b6 20. Nf4 Qa5 21. Qe2 Qa3 22. Re1 Qb4 23. h3 Ba6 24. Rb1 Qa4 25. Nh5 Nxh5 26. Qxh5 g6 27. Bxg6 Ke8 28. Bxf7+ Kd7 29. Qg4 Qxc4 30. Re1 Rf8 31. Qg6 Kc8 32. Bxe6+ Kb7 33. Bxc4 Bxc4 34. Qg7 Rae8 35. Qxh6 Rf7 36. Qd2 Bd5 37. Qe3 Ref8 38. Qd2 Bh4 39. Ree3 Bxg3 40. Rxg3 b5 41. Qe3 b4 42. h4 a5 43. a3 b3 44. Qc3 Kb6 45. Qc5+ Ka6 46. Qc3 a4 47. Qb2 Rxf2 48. Qxf2 Rxf2 49. Kxf2 b2 0-1


[Site "https://www.chess.com"]

[Event "Titled Tuesday Blitz May 2 Late 2023"]
[White "Papayan, Oleg"]
[Black "Kucuksari, Kaan"]
[WhiteFideId "4193911"]
[BlackFideId "6380166"]
[WhiteElo "2153"]
[BlackElo "2364"]
[Result "0-1"]
[Round "05"]
[TimeControl "180+2"]
[Date "2023.05.02"]
[WhiteClock "0:00:02"]
[BlackClock "0:00:22"]

1. e4 c5 2. d4 cxd4 3. Qxd4 Nc6 4. Qd3 g6 5. Nc3 Bg7 6. Nf3 Nf6 7. Be2 O-O 8. O-O d6 9. Nd5 Nd7 10. c3 Nc5 11. Qc2 f5 12. exf5 Bxf5 13. Qd1 Qd7 14. Re1 Kh8 15. Bg5 Ne4 16. Be3 e6 17. Nf4 e5 18. Nd5 Be6 19. Ng5 Nxg5 20. Bxg5 Qf7 21. Bf3 e4 22. Bxe4 Qxf2+ 23. Kh1 Ne5 24. Re2 Qf7 25. h3 Rae8 26. Nf4 Bf5 27. Bd5 Qd7 28. g4 h6 29. gxf5 Qxf5 30. Be4 Qxg5 31. Nxg6+ Nxg6 32. Rg2 Qh4 33. Bxg6 Re3 34. Rh2 Be5 35. Qg4 Re1+ 36. Rxe1 Qxe1+ 37. Qg1 Rf1 38. Rg2 Rxg1+ 39. Rxg1 Qf2 40. Rg2 Qf1+ 41. Rg1 Qxh3# 0-1


[Site "https://www.chess.com"]